 Dungeon Crawl Stone Soup version 0.30.0-18-gc0e69614cb (webtiles) character file.

Game seed: 6765394307606310918

39094 jasper the Zephyrmancer (level 13, -1/101 (103) HPs)
             Began as a Demonspawn Venom Mage on May 25, 2023.
             Was a High Priest of Vehumet.
             Slain by Jorgrun
             ... wielding a staff of earth
              (3 damage)
             ... on level 1 of the Orcish Mines.
             The game lasted 00:42:07 (16316 turns).

jasper the Zephyrmancer (Demonspawn Venom Mage)    Turns: 16316, Time: 00:42:07

HP:   -1/101 (103)  AC: 19    Str:  9    XL:     13   Next: 67%
MP:   0/23          EV: 10    Int: 21    God:    Vehumet [*****.]
Gold: 2173          SH:  4    Dex: 14    Spells: 2/26 levels left

rFire   + . .        t - staff of air
rCold   . . .        (no shield)
rNeg    . . .        A - +0 troll leather armour
rPois   .            x - +0 helmet
rElec   +            N - +1 cloak
rCorr   .            F - +0 pair of gloves
SInv    .            G - +0 pair of boots
Will    .....        B - amulet of the acrobat
Stlth   ++           j - +4 ring of protection
HPRegen 1.16/turn    J - ring of protection from fire
MPRegen 0.36/turn

%: acrobat, guardian spirit
@: grasped by roots, constricted, lightly drained
A: icemail 1, magic shield, magic regeneration, magic link, sturdy frame 2,
condensation shield, demonic touch 2
a: Renounce Religion


You were on level 1 of the Orcish Mines.
You worshipped Vehumet.
Vehumet was extremely pleased with you.
You visited 4 branches of the dungeon, and saw 18 of its levels.
You also visited: Sewer.

You collected 2173 gold pieces.

Inventory:

Hand Weapons
 b - a +1 heavy sling
 u - a +0 hand axe of flaming
 z - the +5 woodcutter's axe
   (You found it on level 5 of the Dungeon)
Missiles
 M - 3 curare-tipped darts
Armour
 a - a +0 robe
 f - a +0 leather armour
 n - a +0 hat
 x - a +0 helmet (worn)
 A - a +0 troll leather armour (worn)
 D - a +0 hat of willpower
 F - a +0 pair of gloves (worn)
 G - a +0 pair of boots (worn)
 N - a +1 cloak (worn)
 O - the +3 leather armour of Greater Demons {rF+ Will+ Int-4 Dex+4}
   (You found it on level 4 of the Lair of Beasts)

   Int:       It affects your intelligence (-4).
   Dex:       It affects your dexterity (+4).
   rF:        It protects you from fire.
   Will:      It increases your willpower.
 P - a +0 buckler
Magical Staves
 s - a staff of poison
 t - a staff of air (weapon)
Jewellery
 j - a +4 ring of protection (left hand)
 r - a ring of ice
 B - an amulet of the acrobat (around neck)
 E - a +6 ring of dexterity
 J - a ring of protection from fire (right hand)
 X - a ring of magical power
 Y - a ring of ice
Wands
 h - a wand of light (13)
 L - a wand of polymorph (10)
 Q - a wand of flame (35)
 V - a wand of charming (4)
Scrolls
 k - 3 scrolls of immolation
 l - 5 scrolls of magic mapping
 p - 7 scrolls of teleportation
 q - 5 scrolls of vulnerability
 y - a scroll of summoning
 C - 5 scrolls of fear
 K - a scroll of amnesia
 R - 2 scrolls of poison
 S - a scroll of enchant armour
 T - 3 scrolls of fog
 U - a scroll of enchant weapon
 W - 2 scrolls of identify
Potions
 c - 5 potions of might
 d - 5 potions of degeneration
 e - 2 potions of flight
 g - 5 potions of curing
 i - a potion of berserk rage
 m - 3 potions of haste
 o - 2 potions of mutation
 v - 3 potions of attraction
 w - 5 potions of lignification
 H - 3 potions of brilliance
 I - 2 potions of ambrosia


   Skills:
 - Level 10.0 Fighting
 - Level 8.0 Armour
 - Level 4.1 Dodging
 - Level 1.7 Stealth
 - Level 7.0 Spellcasting
 - Level 6.1 Conjurations
 - Level 0.8 Transmutations
 + Level 6.8 Fire Magic
 - Level 3.0 Ice Magic
 * Level 11.8 Air Magic
 - Level 7.0 Poison Magic
 - Level 5.0 Evocations


You had 2 spell levels left.
You knew the following spells:

 Your Spells              Type           Power      Damage    Failure   Level
a - Freezing Cloud        Conj/Ice/Air   26%        6-21      4%          5
b - Poisonous Vapours     Pois/Air       100%       N/A       1%          2
c - Mephitic Cloud        Conj/Pois/Air  59%        N/A       1%          3
d - Olgreb's Toxic Radia  Pois           36%        N/A       1%          4
e - Ignite Poison         Fire/Tmut/Pois 27%        N/A       1%          3
f - Shock                 Conj/Air       100%       1d9       1%          1
g - Plasma Beam           Fire/Air       31%        2x1d48    8%          6

Your spell library contained the following spells:

 Spells                   Type           Power      Damage    Failure   Level
 Iron Shot                Conj/Erth      10%        9d3       65%         6
 Kiss of Death            Conj/Necr      80%        2d11      1%          1
 Magic Dart               Conj           100%       1d8       1%          1
 Sting                    Tmut/Pois      92%        1d7       1%          1
 Cigotuvi's Dreadful Rot  Necr/Pois/Air  100%       N/A       1%          2
 Searing Ray              Conj           66%        2d6       1%          2
 Apportation              Tloc           14%        N/A       9%          1
 Arcjolt                  Conj/Air       30%        1d40      1%          5
 Vhi's Electric Charge    Tloc/Air       96%        N/A       2%          3
 Fulminant Prism          Conj/Hex       10%        3d8       7%          4
 Confusing Touch          Hex            7%         N/A       26%         3
 Alistair's Intoxication  Tmut/Pois      15%        N/A       43%         5
 Anguish                  Hex/Necr       3%         N/A       65%         4
 Cause Fear               Hex            3%         N/A       65%         4
 Dispel Undead            Necr           7%         3d8       65%         4
 Enfeeble                 Hex            3%         N/A       100%        7


Dungeon Overview and Level Annotations

Branches:
Dungeon (12/15)            Temple (1/1) D:5            Lair (4/5) D:10
  Swamp (0/4) Lair:2       Spider (0/4) Lair:3          Orc (1/2) D:12
  Sewer (visited)
  Slime: Lair:4-5

Altars:
Ashenzari
Cheibriados
Dithmenos
Gozag
Hepliaklqana
Kikubaaqudgha
Makhleb
Nemelex Xobeh
Qazlal
Ru
Sif Muna
Trog
Vehumet
Wu Jian
Xom
Yredelemnul

Shops:
D:4 ?   D:6 =   Orc:1 (

Annotations:
D:8 2 transporters, 3 runed translucent doors, bitcoinman's ghost, novice MiBe
Orc:1 Jorgrun


Innate Abilities, Weirdness & Mutations

A meltable icy envelope protects you from harm. (AC +4)
When hurt, damage is shared between your health and your magic reserves.
You regenerate magic rapidly.
When low on magic, you restore magic in place of health.
Your movements are less encumbered by armour. (ER -4)
A meltable shield of frost defends you. (SH +4)
Your touch may inflict irresistible damage on your foes.


Message History

Confirm with . or Enter, or press ? or * to list all spells.
You don't have enough magic to cast this spell.
Unknown command.
Aiming: Bolt of Light
Press: ? - help, Shift-Dir - straight line, f - Jorgrun
Aim: Jorgrun, wielding a staff of earth and wearing a +0 robe (heavily wounded, very poisoned, 57% to hit)
The bolt of light hits Jorgrun!
Jorgrun is severely wounded.
Jorgrun is blinded.
The orc warrior hits you with a +0 hand axe!
Jorgrun mutters some incantations to himself.
The grasping roots constrict you!
You take 18 damage, and have 65/101 hp.
You now have 4/23 mp.
Casting: Plasma Beam (dangerous; 8% risk of failure)
Confirm with . or Enter, or press ? or * to list all spells.
You begin to radiate toxic energy.
You kill the orc warrior!
Vehumet accepts your kill.
You feel your power returning. Jorgrun hits you but does no damage.
The grasping roots constrict you!
You take 6 damage, and have 59/101 hp.
You now have 3/23 mp.
You catch the helpless Jorgrun completely off-guard!
You hit Jorgrun.
Jorgrun is severely wounded.
Jorgrun hits you with a staff of earth! Jorgrun shatters you!
The grasping roots constrict you!
* * * LOW HITPOINT WARNING * * *
You take 33 damage, and have 26/101 hp.
MASSIVE DAMAGE!!
You now have 2/23 mp.
You hit Jorgrun but do no damage.
You touch Jorgrun!
Jorgrun is almost dead.
Jorgrun looks even sicker.
Your toxic aura wanes.
Jorgrun hits you with a staff of earth!
* * * LOW HITPOINT WARNING * * *
Jorgrun shatters you!
* * * LOW HITPOINT WARNING * * *
The grasping roots constrict you.
* * * LOW HITPOINT WARNING * * *
Jorgrun hits you with a staff of earth.
You die...

#.......... ....#
##.#...##.# ....
#...#..#...
###§§##########...#..
##..§§§..∩..>. +...##.
#...☼§####≈≈####....##
##..§)§............##
##....g)....#....####
#.....@.........##
..#...#.###.......#
..... ### ##.###.##
#... ### ### #.. ##


You could see Jorgrun (blind, very poisoned).

Vanquished Creatures
  Gastronok (D:8)
  Josephine (Orc:1)
  Fannar (D:12)
  Erolcha (D:9)
  5 hydras
  2 boulder beetles
  A two-headed ogre (D:12)
  Erica (D:9)
  Sonja (D:10)
  Pikel (D:9)
  2 bog bodies (Lair:2)
  An ugly thing (D:12)
  An oklob plant (Lair:1)
  Joseph (D:9)
  6 elephants (Lair:4)
  2 black mambas (Lair:3)
  A gargoyle (D:12)
  7 cane toads
  Psyche (D:9)
  2 unseen horrors
  A rime drake (Lair:3)
  10 komodo dragons
  3 polar bears
  10 trolls
  2 hornets
  4 blink frogs (Lair:4)
  2 dream sheep (D:12)
  6 slime creatures
  Sigmund (D:2)
  A shadow (D:11)
  29 yaks
  6 wraiths
  3 wyverns
  5 basilisks
  2 steam dragons
  4 vampire mosquitoes (D:11)
  2 acid dragons
  8 water moccasins
  3 orc warriors
  A swamp drake (D:10)
  2 ice beasts
  6 centaurs
  An ogre (D:4)
  2 lemures (D:9)
  2 phantoms
  5 kobold brigands
  15 bullfrogs
  A gnoll sergeant (D:5)
  4 scorpions
  6 wights
  21 killer bees
  4 electric eels (D:9)
  3 howler monkeys
  A jelly (D:7)
  9 orc priests
  2 hounds
  3 gnoll boudas
  2 iguanas
  6 orc wizards
  20 gnolls
  5 river rats
  9 adders
  4 white imps
  3 ufetubi
  2 worms (D:2)
  A dart slug (D:3)
  43 orcs
  10 endoplasms
  4 giant cockroaches
  3 goblins
  5 hobgoblins
  7 quokkas
  11 ball pythons
  4 bats
  10 frilled lizards
  13 kobolds
  18 rats
409 creatures vanquished.

Vanquished Creatures (others)
  An ugly thing (D:12)
1 creature vanquished.

Grand Total: 410 creatures vanquished

Notes
Turn   | Place    | Note
-------+----------+-------------------------------------------
     0 | D:1      | jasper the Demonspawn Venom Mage began the quest for the
                  | Orb.
     0 | D:1      | Reached XP level 1. HP: 13/13 MP: 3/3
   245 | D:2      | Gained mutation: You regenerate magic rapidly. [demonic
                  | ancestry]
   245 | D:2      | Reached XP level 2. HP: 19/19 MP: 3/5
   248 | D:2      | Learned a level 2 spell: Poisonous Vapours
   538 | D:2      | Gained mutation: When hurt, damage is shared between your
                  | health and your magic reserves. [demonic ancestry]
   538 | D:2      | Reached XP level 3. HP: 7/24 MP: 0/6
   542 | D:2      | Learned a level 3 spell: Mephitic Cloud
   937 | D:2      | Noticed Sigmund
   973 | D:2      | Killed Sigmund
   974 | D:2      | Gained mutation: Your movements are slightly less
                  | encumbered by armour. (ER -2) [demonic ancestry]
   974 | D:2      | Reached XP level 4. HP: 21/30 MP: 2/7
   974 | D:2      | Gained mutation: A meltable shield of frost defends you.
                  | (SH +4) [demonic ancestry]
   974 | D:2      | Reached XP level 5. HP: 24/35 MP: 2/8
  2071 | D:3      | Found a faded altar of an unknown god.
  2132 | D:3      | Gained mutation: Your touch may inflict minor irresistible
                  | damage on your foes. [demonic ancestry]
  2132 | D:3      | Reached XP level 6. HP: 41/41 MP: 6/9
  2793 | D:4      | Found The Oracle's Delphic Readings.
  2829 | D:4      | Learned a level 4 spell: Olgreb's Toxic Radiance
  2937 | D:4      | Found a glowing drain.
  2941 | Sewer    | Entered a sewer
  3082 | Sewer    | Reached skill level 1 in Fighting
  3082 | Sewer    | Reached skill level 1 in Evocations
  3126 | Sewer    | Reached XP level 7. HP: 48/48 MP: 6/11
  3631 | D:4      | Found a bloodstained altar of Trog.
  3992 | D:5      | Entered Level 5 of the Dungeon
  4026 | D:5      | Found a staircase to the Ecumenical Temple.
  4035 | Temple   | Entered the Ecumenical Temple
  4067 | Temple   | Became a worshipper of Vehumet
  4851 | D:5      | Identified the +4 chain mail of Feral Music {+Blink rF+
                  | MP-9 SInv}
  4978 | D:5      | Found the +5 woodcutter's axe
  5200 | D:5      | Gained mutation: When low on magic, you restore magic in
                  | place of health. [demonic ancestry]
  5200 | D:5      | Reached XP level 8. HP: 58/58 MP: 8/12
  5418 | D:6      | Reached * piety under Vehumet
  5418 | D:6      | Offered knowledge of Shock by Vehumet.
  5706 | D:6      | Found a sparkling altar of Nemelex Xobeh.
  5818 | D:6      | Found Bihithrin's Jewellery Boutique.
  5847 | D:6      | Reached skill level 1 in Armour
  6292 | D:7      | Reached skill level 5 in Evocations
  6360 | D:7      | Reached skill level 5 in Fighting
  6385 | D:7      | Noticed a hornet
  6392 | D:7      | Killed a hornet
  6393 | D:7      | Reached XP level 9. HP: 68/68 MP: 5/13
  6397 | D:7      | Learned a level 3 spell: Ignite Poison
  6423 | D:7      | Reached skill level 1 in Air Magic
  6885 | D:7      | Reached skill level 1 in Fire Magic
  7014 | D:8      | Learned a level 1 spell: Shock
  7034 | D:8      | Found a hazy altar of Hepliaklqana.
  7056 | D:8      | Noticed Gastronok
  7079 | D:8      | Killed Gastronok
  7080 | D:8      | Reached skill level 5 in Spellcasting
  7089 | D:8      | Learned a level 5 spell: Freezing Cloud
  7194 | D:8      | Offered knowledge of Magic Dart by Vehumet.
  7195 | D:8      | Reached skill level 5 in Armour
  7226 | D:8      | Gained mutation: Your movements are less encumbered by
                  | armour. (ER -4) [demonic ancestry]
  7226 | D:8      | Reached XP level 10. HP: 75/77 MP: 14/18
  7249 | D:8      | Reached ** piety under Vehumet
  7329 | D:8      | Found an opulent altar of Gozag.
  7374 | D:8      | Found a transporter.
  7376 | D:8      | Found a transporter.
  7568 | D:8      | Found a runed translucent gate.
  7568 | D:8      | Found a runed translucent gate.
  7569 | D:8      | Found a runed translucent gate.
  7569 | D:8      | Found an opulent altar of Gozag.
  7571 | D:8      | Noticed a cyclops
  7572 | D:8      | Noticed bitcoinman's ghost (novice MiBe)
  7572 | D:8      | Noticed a two-headed ogre
  7592 | D:8      | Reached skill level 2 in Air Magic
  7614 | D:8      | Reached skill level 1 in Ice Magic
  7952 | D:9      | Noticed Erolcha
  7957 | D:9      | Killed Erolcha
  8013 | D:9      | Noticed Joseph
  8018 | D:9      | Killed Joseph
  8026 | D:9      | Offered knowledge of Hailstorm by Vehumet.
  8027 | D:9      | Found a hazy altar of Hepliaklqana.
  8169 | D:9      | Noticed Erica
  8172 | D:9      | Killed Erica
  8343 | D:9      | Reached *** piety under Vehumet
  8518 | D:9      | Found a shimmering blue altar of Sif Muna.
  8532 | D:9      | Found a snail-covered altar of Cheibriados.
  8647 | D:9      | Noticed Pikel
  8653 | D:9      | Killed Pikel
  8654 | D:9      | Reached skill level 1 in Conjurations
  8694 | D:9      | Reached skill level 3 in Air Magic
  8694 | D:9      | Gained mutation: Your touch may inflict irresistible damage
                  | on your foes. [demonic ancestry]
  8694 | D:9      | Reached XP level 11. HP: 57/87 MP: 4/19
  8966 | D:9      | Noticed Psyche
  8974 | D:9      | Killed Psyche
  9188 | D:10     | Entered Level 10 of the Dungeon
  9281 | D:10     | Identified a scroll of acquirement
  9281 | D:10     | Acquired 811 gold pieces
  9298 | D:10     | Noticed Sonja
  9309 | D:10     | Killed Sonja
  9310 | D:10     | Reached skill level 4 in Air Magic
  9452 | D:10     | Offered knowledge of Fulminant Prism by Vehumet.
  9752 | D:10     | Found a basalt altar of Yredelemnul.
  9761 | D:10     | Found a shadowy altar of Dithmenos.
  9959 | D:10     | Found a staircase to the Lair.
 10431 | D:11     | Reached skill level 5 in Air Magic
 10570 | D:11     | Noticed a six-headed hydra
 10673 | Lair:1   | Entered Level 1 of the Lair of Beasts
 10703 | Lair:1   | Noticed a boulder beetle
 10709 | Lair:1   | Killed a boulder beetle
 10741 | Lair:1   | Reached skill level 10 in Fighting
 10792 | Lair:1   | Noticed an oklob plant
 10838 | Lair:1   | Killed an oklob plant
 10972 | Lair:1   | Reached skill level 6 in Air Magic
 11017 | Lair:1   | Reached **** piety under Vehumet
 11403 | Lair:1   | Reached XP level 12. HP: 62/97 MP: 16/21
 11627 | Lair:2   | Reached skill level 5 in Conjurations
 11796 | Lair:2   | Offered knowledge of Lee's Rapid Deconstruction by Vehumet.
 11803 | Lair:2   | Reached skill level 7 in Air Magic
 12146 | Lair:2   | Found a staircase to the Swamp.
 12573 | Lair:3   | Learned a level 6 spell: Plasma Beam
 12632 | Lair:3   | Found a hole to the Spider Nest.
 12823 | Lair:3   | Noticed a four-headed hydra
 12829 | Lair:3   | Killed a four-headed hydra
 12865 | Lair:3   | Reached skill level 8 in Air Magic
 13014 | Lair:3   | Noticed a six-headed hydra
 13021 | Lair:3   | Killed a six-headed hydra
 13391 | Lair:4   | Identified the +3 leather armour of Greater Demons {rF+
                  | Will+ Int-4 Dex+4}
 13402 | Lair:4   | Reached skill level 9 in Air Magic
 13759 | Lair:4   | Gained mutation: A meltable icy envelope protects you from
                  | harm. (AC +4) [demonic ancestry]
 13759 | Lair:4   | Reached XP level 13. HP: 103/103 MP: 21/23
 13849 | Lair:4   | Reached skill level 5 in Fire Magic
 13849 | Lair:4   | Reached skill level 10 in Air Magic
 14542 | D:11     | Reached ***** piety under Vehumet
 14641 | D:11     | Offered knowledge of Iron Shot by Vehumet.
 15049 | D:12     | Found a staircase to the Orcish Mines.
 15365 | D:12     | Reached skill level 11 in Air Magic
 15458 | D:12     | Noticed Fannar
 15464 | D:12     | Killed Fannar
 16057 | Orc:1    | Entered Level 1 of the Orcish Mines
 16081 | Orc:1    | Noticed Josephine
 16098 | Orc:1    | Killed Josephine
 16295 | Orc:1    | Found Ybeqoisk's Weapon Boutique.
 16306 | Orc:1    | Noticed Jorgrun
 16316 | Orc:1    | HP: 4/101 [Jorgrun/staff of earth (10)]
 16316 | Orc:1    | Slain by Jorgrun

Illustrated notes

Levels and vault maps discovered:
D:1:      minmay_arrival_diagonal_passages, layout_rooms
D:2:      layout_basic, chequers_decorated_corner, amcnicky_mini_pool_small,
          chequers_big_river, minmay_misc_feat_five, uniq_sigmund
D:3:      layout_loops_corners, hellmonk_ecumenical_altar_blasted,
          minmay_tree_intersection, bh_walls_and_bars
D:4:      layout_loops_ring, mainiacjoe_overflow_brackets, gup_sewer_entry_bowl,
          chequers_serial_rivers_micro_a, nicolae_nh_oracle_at_delphi
D:5:      layout_rooms, minmay_temple_entry_slanted,
          pf_guarded_unrand_woodcutter
D:6:      layout_basic, nemelex_diamond_rough_becter, serial_shops,
          nicolae_shop_hallway_stairs, dreamdust_princess_corridor
D:7:      layout_rooms
D:8:      gammafunk_beogh_shrine, layout_loops_ring, lemuel_crystal_altar,
          nicolae_gozag_seed_capital, ebering_ghost_gozag, uniq_gastronok
D:9:      layout_basic, zin_statuary, mainiacjoe_overflow_chevrons,
          mainiacjoe_overflow_tiny_flanked, mainiacjoe_overflow_catwalk,
          minmay_ruined_shrine, uniq_erica, uniq_erolcha, uniq_psyche,
          uniq_maggie, uniq_pikel, uniq_joseph
D:10:     layout_long_grid, mainiacjoe_overflow_swirl, erik_lair_dragon,
          serial_ice, serial_ice_l, serial_ice_h, serial_ice_f, serial_ice_a,
          uniq_sonja
D:11:     layout_roguey
D:12:     layout_gridville, hiddenorc2_lemuel, ebering_dispersal_statue_hall,
          hangedman_ranch, uniq_fannar
Temple:   nicolae_temple_bog_church
Lair:1:   layout_gridlike
Lair:2:   layout_regular_city, skrybe_swamp_entry_bodies
Lair:3:   layout_big_grid, spider_nest_entry_web_field
Lair:4:   layout_hall_layers, grunt_megastairs_3
Orc:1:    layout_caves, serial_shops, nicolae_shop_hallway_stairs,
          bh_open_orc_temple, uniq_josephine, uniq_jorgrun

Skill      XL: |  1  2  3  4  5  6  7  8  9 10 11 12 13 |
---------------+----------------------------------------+-----
Poison Magic   | 4 6 7 |  7.0
Spellcasting   | 3 5 6 7 |  7.0
Dodging        | 2 3 4 |  4.1
Fighting       | 1 3 5 6 8 10 | 10.0
Evocations     | 1 3 5 |  5.0
Armour         | 3 5 7 8 |  8.0
Air Magic      | 1 3 6 9 11 | 11.8
Fire Magic     | 2 4 6 |  6.8
Ice Magic      | 3 |  3.0
Conjurations   | 1 4 6 |  6.1
Stealth        | |  1.7
Transmutations | |  0.8

Action                     |  1- 3 |  4- 6 |  7- 9 | 10-12 | 13-15 || total
---------------------------+-------+-------+-------+-------+-------++-------
  Melee: Unarmed           |     2 |       |       |       |       ||     2
         Staff             |       |       |     5 |       |     3 ||     8
         Battleaxe         |       |       |    90 |   238 |    55 ||   383
         Touch             |       |       |     1 |       |     1 ||     2
   Fire: Sling             |    22 |    72 |    42 |       |       ||   136
   Cast: Sting             |    34 |    42 |     6 |       |       ||    82
         Poisonous Vapours |     6 |    24 |    25 |    48 |    22 ||   125
         Olgreb's Toxic Ra |       |     7 |    30 |    63 |    39 ||   139
         Mephitic Cloud    |       |       |     1 |     4 |       ||     5
         Ignite Poison     |       |       |     4 |    56 |    27 ||    87
         Shock             |       |       |       |    40 |     2 ||    42
         Freezing Cloud    |       |       |       |    23 |    13 ||    36
         Plasma Beam       |       |       |       |       |    27 ||    27
  Evoke: Wand              |       |     4 |     4 |     1 |     7 ||    16
    Use: Potion            |     1 |     1 |     1 |     1 |     2 ||     6
         Scroll            |       |     8 |    12 |     7 |       ||    27
   Stab: Sleeping          |       |       |     1 |       |       ||     1
         Invisible         |       |       |       |       |     1 ||     1
 Armour: Robe              |     6 |       |       |       |       ||     6
         Leather armour    |       |    15 |    42 |    15 |       ||    72
         Troll leather arm |       |       |       |    96 |    66 ||   162
  Dodge: Dodged            |    26 |    26 |    72 |   224 |    63 ||   411
  Block: Other             |       |     5 |    18 |    48 |    16 ||    87
